 Dungeon Crawl Stone Soup version 0.31.0-11-ge490571c62 (webtiles) character file.

Game seed: 15276290628125958307

49 qw the Shooter (level 3, -1/20 HPs)
             Began as a Deep Elf Hunter on Feb 4, 2024.
             Slain by Terence
             ... wielding a +0 falchion
              (7 damage)
             ... on level 2 of the Dungeon.
             The game lasted 00:00:03 (1158 turns).

qw the Shooter (Deep Elf Hunter)                    Turns: 1158, Time: 00:00:03

Health: -1/20      AC:  3    Str: 10    XL:     3   Next: 51%
Magic:  5/5        EV: 12    Int: 13    God:
Gold:   112        SH:  0    Dex: 18    Spells: 2/2 levels left

rFire   . . .        a - +0 shortbow
rCold   . . .        (shield currently unavailable)
rNeg    . . .        c - +0 leather armour
rPois   .            (no helmet)
rElec   .            (no cloak)
rCorr   .            (no gloves)
SInv    .            (no boots)
Will    .....        (no amulet)
Stlth   ++           (no ring)
HPRegen 0.23/turn    (no ring)
MPRegen 0.09/turn

%: no passive effects
@: no status effects
A: no striking features
a: no special abilities


You were on level 2 of the Dungeon.
You visited 1 branch of the dungeon, and saw 2 of its levels.

You collected 112 gold pieces.


   Skills:
 - Level 1.5 Fighting
 + Level 7.0 Ranged Weapons
 - Level 2.4 Dodging
 - Level 1.2 Stealth


You had 2 spell levels left.
You didn't know any spells.
Your spell library was empty.

Inventory:

Hand Weapons
 a - a +0 shortbow (weapon)
Armour
 c - a +0 leather armour (worn)
Potions
 b - a potion of berserk rage {unknown}
 d - a potion of brilliance {unknown}
 e - a potion of haste {unknown}
 h - a potion of heal wounds {unknown}
 i - a potion of curing {unknown}
 j - a potion of attraction {unknown}

Dungeon Overview and Level Annotations

Branches:
Dungeon (2/15)

Altars:

Annotations:
D:2 Terence


Message History

You shoot an arrow. The arrow closely misses Terence.
You shoot an arrow. The arrow closely misses Terence.
You shoot an arrow. The arrow barely misses Terence.
You shoot an arrow. The arrow hits Terence.
Terence is moderately wounded.
You shoot an arrow.
The arrow hits Terence but does no damage.
Terence is moderately wounded.
Terence barely misses you.
You shoot an arrow.
The arrow hits Terence but does no damage.
Terence is moderately wounded.
Terence closely misses you.
You shoot an arrow.
The arrow hits Terence but does no damage.
Terence is moderately wounded.
Terence barely misses you.
You shoot an arrow. The arrow completely misses Terence.
Terence barely misses you. Terence hits you with a +0 falchion.
You shoot an arrow. The arrow hits Terence.
Terence is heavily wounded.
Terence barely misses you.
You shoot an arrow.
The arrow hits Terence but does no damage.
Terence is heavily wounded.
Terence hits you with a +0 falchion.
You shoot an arrow.
The arrow hits Terence but does no damage.
Terence is heavily wounded.
Terence hits you with a +0 falchion.
You shoot an arrow.
The arrow hits Terence but does no damage.
Terence is heavily wounded.
Terence hits you with a +0 falchion.
You shoot an arrow.
The arrow hits Terence but does no damage.
Terence is heavily wounded.
Terence hits you with a +0 falchion!
You die...
Terence says, "That felt goooood."

# .# ### ... .. # ###
#..#. ### #.#.
?.#...... #.. #.#.#
#.#.#..# #.# ...#
#(.... #######.#
##.###.#.##)...........
##.....@@...# #######.#
#..)..#.....# ##.#
#.....#.....# #..#
#.....#.....# #.##
##)..##.....# #(#
##.#####.### #.## #.#
#.# #... #.# #.# #.##
#.# #.# #.#


You could see Terence.

Vanquished Creatures
  An adder (D:2)
  2 ribbon worms (D:2)
  A ball python (D:1)
  3 endoplasms (D:1)
  A giant cockroach (D:1)
  4 goblins
  A hobgoblin (D:2)
  4 jackals (D:2)
  4 kobolds
  A quokka (D:2)
  3 bats (D:1)
  A frilled lizard (D:2)
  6 rats
32 creatures vanquished.

Notes
Turn   | Place    | Note
-------+----------+-------------------------------------------
     0 | D:1      | qw the Deep Elf Hunter began the quest for the Orb.
     0 | D:1      | Reached XP level 1. HP: 12/12 MP: 3/3
     0 | D:1      | 0 ||| qw: Version: 0.3-a-160-g6735b56
     0 | D:1      | 0 ||| qw: Game counter: 4545
     0 | D:1      | 0 ||| qw: Melee chars always use a shield: true
     0 | D:1      | 0 ||| qw: God list: Okawaru
     0 | D:1      | 0 ||| qw: Allow faded altars: false
     0 | D:1      | 0 ||| qw: Do Orc after clearing Dungeon:15 true
     0 | D:1      | 0 ||| qw: Do second Lair branch before Depths: true
     0 | D:1      | 0 ||| qw: Lair rune preference: random
     0 | D:1      | 0 ||| qw: Goals: Normal
     0 | D:1      | 0 ||| PLANNING D:1-11
   319 | D:1      | Reached XP level 2. HP: 16/16 MP: 4/4
   323 | D:1      | Reached skill level 6 in Ranged Weapons
   515 | D:1      | Found a faded altar of an unknown god.
   871 | D:1      | 871 ||| READING scroll labelled WONITRAS VODOCW.
   872 | D:1      | 872 ||| READING scroll labelled ZOX NOASHY.
   872 | D:1      | 872 ||| ENCHANTING +0 shortbow.
   873 | D:1      | 873 ||| READING 3 scrolls labelled NONADD SUOTEOH.
   874 | D:1      | 874 ||| DROPPING scroll of butterflies.
   875 | D:1      | 875 ||| DROPPING 2 scrolls of fog.
   935 | D:2      | Reached XP level 3. HP: 20/20 MP: 5/5
  1054 | D:2      | Reached skill level 7 in Ranged Weapons
  1143 | D:2      | Noticed Terence
  1158 | D:2      | Slain by Terence

Levels and vault maps discovered:
D:1:      wheals_arrival_shading, layout_loops_corners,
          chequers_ecumenical_altar_twisty
D:2:      layout_loops_ring, uniq_terence

Skill      XL: |  1  2  3 |
---------------+----------+-----
Ranged Weapons | 6 7 |  7.0
Fighting       | |  1.5
Dodging        | |  2.4
Stealth        | |  1.2

Action                     || total
---------------------------++-------
   Fire: Shortbow          ||   111
    Use: Scroll            ||     3
 Armour: Leather armour    ||    25
  Dodge: Dodged            ||    30

Table legend:
 A = Non-vault XP
 B = Vault XP
 C = Vault XP percentage of total XP
 D = Non-vault monster count
 E = Vault monster count
 F = Vault count percentage of total count
                 A         B        C        D         E       F
            +---------+---------+-------+---------+---------+-------
      Total |      70 |       0 |   0.0 |      32 |       0 |   0.0
            +---------+---------+-------+---------+---------+-------
        D:1 |      31 |       0 |   0.0 |      18 |       0 |   0.0
        D:2 |      39 |       0 |   0.0 |      14 |       0 |   0.0
            +---------+---------+-------+---------+---------+-------
